 Dungeon Crawl Stone Soup version 0.20.1-1-g8b1a95d (webtiles) character file.

93348 cochise the Bludgeoner (level 15, -6/145 HPs)
             Began as a Minotaur Berserker on Sept 20, 2017.
             Was a Priest of Okawaru.
             Mangled by a polar bear (14 damage)
             ... created by the rage of Trog
             ... on level 14 of the Dungeon on Sept 29, 2017.
             The game lasted 03:52:53 (22449 turns).

cochise the Bludgeoner (Minotaur Berserker)        Turns: 22449, Time: 03:52:54

Health: -6/145     AC: 17    Str: 29 (37) XL:     15   Next: 60%
Magic:  14/14      EV: 17    Int:  4      God:    Okawaru [***...]
Gold:   2875       SH: 16    Dex: 22      Spells: 14/14 levels left

rFire    + . .     SeeInvis .   U - +4 flail of Moral Flaws {drain, rF+ Dex+4}
rCold    . . .     Gourm    .   Z - +1 shield {AC+3}
rNeg     . . .     Faith    .   H - +2 leather armour of Nethucah {rElec Str+5}
rPois    .         Spirit   .   u - +2 hat {MR+}
rElec    +         Reflect  +   (no cloak)
rCorr    .         Harm     .   R - +2 pair of gloves {archery}
MR       ++...                  J - +0 pair of boots
Stlth    ++........             L - +4 amulet of reflection
Regen    0.4/turn               K - ring of the Harvest {+Fly Str+4 Dex+4}
MPRegen  0.2/turn               F - +4 ring of dexterity

@: very slightly contaminated, drained
A: retaliatory headbutt, horns 2
a: Heroism, Renounce Religion, Evoke Flight


You were on level 14 of the Dungeon.
You worshipped Okawaru.
Okawaru was most pleased with you.
You were not hungry.

You visited 5 branches of the dungeon, and saw 24 of its levels.
You also visited: Trove, Sewer, Bailey and Ice Cave.

You collected 2930 gold pieces.
You spent 55 gold pieces at shops.

Inventory:

Hand Weapons
 i - the cursed +0 executioner's axe "Zekil" {protect, Dex+2 Stlth+}
   (You found it in a bailey)

   It protects the one who uses it against injury (+AC on strike).
   It affects your dexterity (+2).
   It makes you more stealthy.
   It has a curse placed upon it.
 w - a +4 flail of protection
 C - a +3 morningstar
 U - the +4 flail of Moral Flaws (weapon) {drain, rF+ Dex+4}
   (Trog gifted it to you on level 2 of the Orcish Mines)

   A truly terrible weapon, it drains the life of those it strikes.
   It affects your dexterity (+4).
   It protects you from fire.
Missiles
 b - 5 tomahawks of returning (quivered)
Armour
 h - +1 ice dragon scales
 l - +0 acid dragon scales
 u - a +2 hat of magic resistance (worn)
 H - the +2 leather armour of Nethucah (worn) {rElec Str+5}
   (You found it on level 12 of the Dungeon)

   It affects your strength (+5).
   It insulates you from electricity.
 J - a +0 pair of boots (worn)
 R - a +2 pair of gloves of archery (worn)
 Z - a +1 shield of protection (worn)
Jewellery
 F - a +4 ring of dexterity (right hand)
 I - an uncursed ring of poison resistance
 K - the ring of the Harvest (left hand) {+Fly Str+4 Dex+4}
   (You found it in a treasure trove)

   [ring of strength]

   It affects your strength (+4).
   It affects your dexterity (+4).
   It lets you fly.
 L - a +4 amulet of reflection (around neck)
Scrolls
 a - 6 scrolls of fog
 g - 4 scrolls of blinking
 n - 8 scrolls of teleportation
 p - 2 scrolls of enchant weapon
 s - 2 scrolls of amnesia {unknown}
 x - 10 scrolls of remove curse
 y - 2 scrolls of enchant armour
 z - a scroll of random uselessness {unknown}
 A - a scroll of acquirement {unknown}
 G - 3 scrolls of identify
 M - 3 scrolls of immolation {unknown}
 O - 2 scrolls of noise {unknown}
 P - a scroll of vulnerability {unknown}
 W - a scroll of summoning {unknown}
 X - a scroll of silence
 Y - 3 scrolls of recharging {unknown}
Potions
 d - a potion of curing
 e - 7 potions of agility
 f - 4 potions of might
 k - 3 potions of berserk rage
 o - 2 potions of invisibility
 r - a potion of resistance {unknown}
 t - 2 potions of haste
 B - 2 potions of brilliance {unknown}
 D - 2 potions of mutation
 E - 4 potions of lignification
 N - 3 potions of cancellation
 Q - a potion of flight {unknown}
 V - 2 potions of ambrosia
Miscellaneous
 S - 2 phantom mirrors
Comestibles
 c - 11 bread rations
 j - 49 fruits
 q - 9 meat rations
 T - 17 royal jellies


   Skills:
 + Level 16.4(16.0) Fighting
 + Level 20.6(20.2) Maces & Flails
 + Level 15.9(15.5) Armour
 + Level 8.3(8.0) Dodging
 + Level 0.6(0.4) Stealth
 + Level 3.4(3.1) Shields


You had 14 spell levels left.
You didn't know any spells.

Dungeon Overview and Level Annotations

Branches:
Dungeon (14/15)            Temple (1/1) D:6            Lair (6/6) D:9
 Shoals (0/4) Lair:3       Spider (0/4) Lair:3        Slime (0/5) Lair:6
    Orc (2/2) D:10            Elf (1/3) Orc:2
 Vaults: D:13-14

Altars:
Ashenzari
Cheibriados
Elyvilon
Fedhas
Kikubaaqudgha
Makhleb
Okawaru
Ru
Trog
Uskayaw
Xom
Zin
The Shining One
Jiyva

Shops:
D:7 *   D:12 ?   Orc:2 !?**

Annotations:
Lair:6 exclusion: oklob plant


Innate Abilities, Weirdness & Mutations

You reflexively headbutt those who attack you in melee.
You have a pair of horns on your head.


Message History

You are very lightly contaminated with residual magic.
As you read the scroll of blinking, it crumbles to dust.
A six-headed hydra comes into view.
The iron troll rages.
The polar bear rages. x2
You feel like a meek peon again.
The polar bear rages.
You hear an angry growl.
The black bear rages.
You hear a roar!
The black bear's soul is no longer bound.
The polar bear rages.
The black bear rages.
You hear an angry growl.
The black bear rages.
You hear a shout!
You hear an angry growl.
You hear an angry growl.
The ogre rages.
The polar bear bites you!
You die...

#..[......# #.
#.........# #.
#.........# #.
#.........# #.
#.........# #.
#.........# #.
#<........# #.
#####.........#
#.......@.....#
#.###...hO....#
#.............#
#.########....#
#.# ..D#D#..#
#.# ..#h#..#
#.# #.#.# .#
#.# #.#.# .#
#.# #.hW#..#


You could see a six-headed hydra, 2 polar bears and an ogre (berserk).

Vanquished Creatures
  Gastronok (Orc:1)
  2 very ugly things (IceCv)
  A deep elf annihilator (Elf:1)
  A slime creature (D:12)
  The ghost of Chisa the Cleaver, a journeyman HOFi of Okawaru (IceCv)
  4 hydras
  2 death knights (D:12)
  The ghost of Frank the Blocker, a journeyman OpFi of Dithmenos (D:10)
  A centaur warrior (Orc:2)
  2 dancing weapons (Elf:1)
  5 death yaks (Lair:6)
  5 two-headed ogres
  2 tengu warriors (D:14)
  Nergalle (Lair:3)
  2 deep elf knights (Elf:1)
  A deep troll (D:12)
  3 deep elf archers (Elf:1)
  A necromancer (D:14)
  2 phantasmal warriors (D:12)
  5 orc knights
  3 ugly things
  A wolf spider (Lair:3)
  An orc sorcerer (Orc:2)
  7 cyclopes
  36 deep elf magi
  14 elephants
  A merfolk siren (Lair:3)
  A manticore (D:11)
  5 black mambas
  6 ice statues
  2 torpor snails
  2 spiny frogs
  A centaur skeleton (D:10)
  6 rime drakes
  4 anaconda simulacra (IceCv)
  2 kobold demonologists (D:13)
  An efreet (D:13)
  2 demonic crawlers (Elf:1)
  7 komodo dragons
  A meliai (shapeshifter) (D:14)
  A freezing wraith (D:12)
  A tengu conjurer (D:12)
  2 polar bears
  A queen bee (Lair:2)
  5 blink frogs (Lair:5)
  5 trolls
  A hornet (D:9)
  Prince Ribbit (D:6)
  4 dream sheep (Lair:5)
  10 hippogriffs
  3 redbacks (Lair:3)
  20 yaks
  A water elemental (Elf:1)
  5 wyverns
  A wyvern (shapeshifter) (D:14)
  2 wraiths
  3 hungry ghosts
  3 basilisks
  5 vampire mosquitoes (Elf:1)
  Edmund (D:5)
  2 iron troll simulacra (IceCv)
  2 wargs
  2 harpy simulacra (IceCv)
  A hydra simulacrum (IceCv)
  An acid dragon (D:12)
  A soldier ant (D:12)
  9 water moccasins
  7 porcupines
  37 orc warriors
  10 ice beasts
  A sky beast (D:9)
  5 black bears
  10 ogres
  A phantom (D:6)
  4 necrophages
  An eye of draining (D:12)
  38 wolves
  An eye of draining (shapeshifter) (D:14)
  7 centaurs
  13 crocodiles
  6 big kobolds
  20 bullfrogs
  An earth elemental (Elf:1)
  30 killer bees
  6 scorpions
  4 wights (D:11)
  2 howler monkeys
  4 electric eels
  7 crimson imps
  The ghost of Chisa the Caller, a weakling DESu of Yredelemnul (D:3)
  A quasit (D:9)
  2 centaur zombies
  A bullfrog zombie (D:6)
  5 hounds
  12 orc priests
  14 orc wizards
  6 iguanas
  17 worker ants
  14 adders
  A river rat (D:3)
  2 shadow imps
  An ooze (D:5)
  2 adder zombies
  7 worms
  4 dart slugs
  6 leopard geckos
  61 orcs
  7 ball pythons
  4 giant cockroaches
  9 goblins
  4 hobgoblins
  13 jackals
  3 quokkas
  12 bats
  8 frilled lizards
  19 kobolds
  A leopard gecko skeleton (D:4)
  10 rats
  A plant (Lair:6)
702 creatures vanquished.

Vanquished Creatures (others)
  A deep elf knight (Elf:1)
  5 dream sheep (D:9)
  4 orc warriors
  A centaur (Orc:2)
  10 orcs
  A kobold (D:9)
  A fungus (Lair:6)
  29 plants
52 creatures vanquished.

Grand Total: 754 creatures vanquished

Notes
Turn   | Place    | Note
-------+----------+-------------------------------------------
     0 | D:1      | cochise the Minotaur Berserker began the quest for the Orb.
     0 | D:1      | Reached XP level 1. HP: 19/19 MP: 0/0
    19 | D:1      | Reached XP level 2. HP: 16/27 MP: 1/1
    44 | D:1      | Reached skill level 4 in Maces & Flails
   364 | D:1      | Reached XP level 3. HP: 31/33 MP: 2/2
   399 | D:1      | Reached ** piety under Trog
   839 | D:2      | Reached skill level 5 in Maces & Flails
   839 | D:2      | Reached XP level 4. HP: 34/41 MP: 3/3
  1101 | D:2      | Found a glowing golden altar of the Shining One.
  1102 | D:2      | Found a glowing silver altar of Zin.
  1404 | D:3      | Reached *** piety under Trog
  1466 | D:3      | Noticed Chisa's ghost (weakling DESu)
  1481 | D:3      | Killed Chisa's ghost
  1481 | D:3      | Reached XP level 5. HP: 34/47 MP: 4/4
  1571 | D:3      | Reached skill level 5 in Fighting
  1605 | D:3      | Found a glowing drain.
  1749 | Sewer    | Entered a sewer
  1785 | Sewer    | Reached skill level 6 in Maces & Flails
  1787 | Sewer    | Reached XP level 6. HP: 54/56 MP: 5/5
  2000 | Sewer    | Reached skill level 7 in Maces & Flails
  2140 | D:3      | Noticed a hippogriff
  2277 | D:3      | Killed a hippogriff
  2277 | D:3      | Reached XP level 7. HP: 39/63 MP: 6/6
  2483 | D:4      | Reached skill level 5 in Armour
  2687 | D:4      | Reached skill level 8 in Maces & Flails
  2816 | D:4      | Reached **** piety under Trog
  2816 | D:4      | Received a gift from Trog
  3502 | D:5      | Entered Level 5 of the Dungeon
  3573 | D:5      | Noticed Edmund
  3586 | D:5      | Killed Edmund
  3722 | D:5      | Found a snail-covered altar of Cheibriados.
  3885 | D:5      | Reached XP level 8. HP: 50/71 MP: 7/7
  3896 | D:5      | Reached skill level 9 in Maces & Flails
  4427 | D:6      | Found a staircase to the Ecumenical Temple.
  4688 | D:6      | Noticed Prince Ribbit
  4706 | D:6      | Killed Prince Ribbit
  4706 | D:6      | Reached skill level 10 in Maces & Flails
  5036 | D:7      | Noticed a hippogriff
  5040 | D:7      | Killed a hippogriff
  5040 | D:7      | Reached XP level 9. HP: 80/81 MP: 8/8
  5112 | D:7      | Got a jewelled chain mail
  5123 | D:7      | Identified the cursed +1 chain mail of the Hippo {*Drain Dex+5} (You found it on level 7 of the Dungeon)
  5240 | D:7      | Reached skill level 11 in Maces & Flails
  5284 | D:7      | Found Rueloak's General Store.
  5766 | D:8      | Reached ***** piety under Trog
  5766 | D:8      | Reached skill level 12 in Maces & Flails
  6481 | D:9      | Noticed a two-headed ogre
  6493 | D:9      | Killed a two-headed ogre
  6493 | D:9      | Reached XP level 10. HP: 64/91 MP: 9/9
  6672 | D:9      | Reached skill level 13 in Maces & Flails
  7039 | D:9      | Got an encrusted hunting sling
  7040 | D:9      | Identified the +5 hunting sling of the Middle {freeze, +Blink rElec rC+} (You found it on level 9 of the Dungeon)
  7131 | D:9      | Noticed a two-headed ogre
  7142 | D:9      | Killed a two-headed ogre
  7142 | D:9      | Reached skill level 10 in Fighting
  7385 | D:9      | Found a staircase to the Lair.
  7462 | D:9      | Reached skill level 10 in Armour
  7543 | D:9      | Found a shimmering altar of Xom.
  7581 | D:9      | Reached skill level 14 in Maces & Flails
  7631 | D:9      | Reached XP level 11. HP: 100/101 MP: 10/10
  7722 | D:10     | Entered Level 10 of the Dungeon
  7775 | D:10     | Found a portal to a secret trove of treasure.
  7806 | Trove    | Entered a treasure trove
  7816 | Trove    | Got a wavering iron ring
  7838 | Trove    | Got a crude shield
  7859 | Trove    | Identified the cursed +0 shield of the Sunfish {*Corrode rN+++ MR++ Int+2} (You found it in a treasure trove)
  7875 | Trove    | Identified the ring of the Harvest {+Fly Str+4 Dex+4} (You found it in a treasure trove)
  8014 | D:10     | Found a staircase to the Orcish Mines.
  8117 | D:10     | Noticed Frank's ghost (journeyman OpFi)
  8130 | D:10     | Reached * piety under Trog
  8134 | D:10     | Killed Frank's ghost
  8554 | D:10     | Found a shattered altar of Ashenzari.
  8554 | D:10     | Noticed a deep elf mage
  8554 | D:10     | Noticed a deep elf mage
  8559 | D:10     | Killed a deep elf mage
  8566 | D:10     | Killed a deep elf mage
  8599 | D:10     | Reached skill level 15 in Maces & Flails
  8717 | Lair:1   | Entered Level 1 of the Lair of Beasts
  8909 | Lair:1   | Noticed a four-headed hydra
  8926 | Lair:1   | Killed a four-headed hydra
 10045 | Lair:2   | Reached skill level 16 in Maces & Flails
 10271 | Lair:2   | Reached XP level 12. HP: 112/112 MP: 11/11
 10651 | Lair:3   | Noticed Nergalle
 10664 | Lair:3   | Killed Nergalle
 10895 | Lair:3   | Reached skill level 17 in Maces & Flails
 10957 | Lair:3   | Noticed a seven-headed hydra
 10976 | Lair:3   | Killed a seven-headed hydra
 11197 | Lair:3   | Found a hole to the Spider Nest.
 11726 | Lair:3   | Found a staircase to the Shoals.
 12801 | Lair:5   | Reached XP level 13. HP: 86/122 MP: 12/12
 13123 | Lair:5   | Reached skill level 18 in Maces & Flails
 13677 | Lair:6   | Entered Level 6 of the Lair of Beasts
 14044 | Lair:6   | Found a runed door.
 14062 | Lair:6   | Noticed a fire dragon
 14175 | Lair:6   | Found a viscous altar of Jiyva.
 14175 | Lair:6   | Found a staircase to the Slime Pits.
 14383 | Lair:5   | Reached skill level 19 in Maces & Flails
 14974 | Orc:1    | Entered Level 1 of the Orcish Mines
 15010 | Orc:1    | Noticed Gastronok
 15051 | Orc:1    | Killed Gastronok
 15237 | Orc:2    | Entered Level 2 of the Orcish Mines
 15244 | Orc:2    | Found a staircase to the Elven Halls.
 15439 | Orc:2    | Reached XP level 14. HP: 103/133 MP: 13/13
 15808 | Orc:2    | Received a gift from Trog
 15810 | Orc:2    | Got a brightly glowing flail {god gift}
 15812 | Orc:2    | Identified the +4 flail of Moral Flaws {drain, rF+ Dex+4} (Trog gifted it to you on level 2 of the Orcish Mines)
 15831 | Orc:2    | Found Feycepoden's General Store.
 15831 | Orc:2    | Found Ocimez's Magic Scroll Boutique.
 15833 | Orc:2    | Found Fonad's Distillery.
 15835 | Orc:2    | Found Akheoc's Assorted Antiques.
 15848 | Orc:2    | Bought a potion of heal wounds for 55 gold pieces
 16076 | Elf:1    | Entered Level 1 of the Elven Halls
 16225 | Elf:1    | Found a frozen archway.
 16258 | Elf:1    | Reached skill level 15 in Fighting
 16263 | IceCv    | Entered an ice cave
 16269 | IceCv    | Noticed Chisa's ghost (journeyman HOFi)
 16285 | IceCv    | Killed Chisa's ghost
 16325 | IceCv    | Noticed a white very ugly thing
 16338 | IceCv    | Killed a white very ugly thing
 16534 | IceCv    | Noticed a white very ugly thing
 16724 | IceCv    | Killed a white very ugly thing
 16826 | Elf:1    | Reached skill level 5 in Dodging
 16831 | Elf:1    | Reached skill level 20 in Maces & Flails
 16831 | Elf:1    | Reached skill level 15 in Armour
 17201 | Elf:1    | Received a gift from Trog
 17468 | Elf:1    | Identified Yhuxia Kicu's Volume of Conjuration
 17719 | Elf:1    | Reached XP level 15. HP: 116/143 MP: 14/14
 18141 | Temple   | Entered the Ecumenical Temple
 18208 | Temple   | Fell from the grace of Trog
 18208 | Temple   | Became a worshipper of Warmaster Okawaru
 18798 | D:11     | Reached * piety under Okawaru
 18952 | D:12     | Got a heavily runed leather armour
 18963 | D:12     | Identified the +2 leather armour of Nethucah {rElec Str+5} (You found it on level 12 of the Dungeon)
 19256 | D:12     | Found Widemu's Magic Scroll Shoppe.
 19486 | D:12     | Reached ** piety under Okawaru
 20737 | D:13     | Found a flagged portal.
 20745 | Bailey   | Entered a bailey
 21168 | Bailey   | Reached skill level 1 in Shields
 21298 | Bailey   | Got a smoking executioner's axe
 21299 | Bailey   | Identified the cursed +0 executioner's axe "Zekil" {protect, Dex+2 Stlth+} (You found it in a bailey)
 22153 | D:14     | Reached *** piety under Okawaru
 22438 | D:14     | HP: 5/145 [iron troll[the rage of Trog] (6)]
 22449 | D:14     | Mangled by a polar bear

Skill      XL: |  1  2  3  4  5  6  7  8  9 10 11 12 13 14 15 |
---------------+----------------------------------------------+-----
Maces & Flails | 4 5 6 7 8 10 12 14 16 17 19 20 | 20.6
Fighting       | 4 5 6 8 9 10 12 13 14 15 16 | 16.4
Armour         | 3 4 5 7 8 10 11 12 14 15 | 15.9
Dodging        | 6 8 |  8.3
Shields        | 3 |  3.4
Stealth        | |  0.6

Action                   |  1- 3 |  4- 6 |  7- 9 | 10-12 | 13-15 || total
-------------------------+-------+-------+-------+-------+-------++-------
Melee: Mace              |    83 |   158 |    36 |       |       ||   277
       Headbutt          |     8 |    33 |    78 |   235 |   382 ||   736
       Flail             |       |       |   245 |   647 |  1080 ||  1972
Throw: Javelin           |       |     5 |     4 |    22 |       ||    31
       Tomahawk          |       |       |       |       |    12 ||    12
Invok: Trog's Hand       |       |     3 |     2 |     4 |    20 ||    29
       Berserk           |       |     1 |       |     1 |       ||     2
       Burn Spellbooks   |       |       |     1 |     2 |     1 ||     4
       Heroism           |       |       |       |       |     2 ||     2
 Abil: Evoke Flight      |       |       |       |       |     2 ||     2
  Use: Scroll            |     6 |     1 |     2 |     5 |    15 ||    29
       Potion            |       |     1 |     5 |    11 |    22 ||    39
 Stab: Invisible         |       |       |       |     1 |       ||     1
       Distracted        |       |       |       |       |     1 ||     1
       Sleeping          |       |       |       |       |     1 ||     1
  Eat: Chunk             |       |     5 |    11 |    21 |    30 ||    67
       Bread ration      |       |       |     1 |       |     1 ||     2
       Royal jelly       |       |       |       |     1 |       ||     1
       Fruit             |       |       |       |     2 |     5 ||     7
Armor: Animal skin       |     6 |       |       |       |       ||     6
       Leather armour    |     5 |    56 |    40 |       |    79 ||   180
       Robe              |     4 |       |       |       |       ||     4
       Plate armour      |       |       |    12 |       |   152 ||   164
       Chain mail        |       |       |    36 |   292 |       ||   328
       Ice dragon scales |       |       |       |    93 |   176 ||   269
Dodge: Dodged            |    37 |    70 |    63 |   196 |   374 ||   740
Block: Shield            |    33 |   107 |   133 |   571 |   760 ||  1604
       Reflection        |       |       |     1 |    10 |    86 ||    97
       Other             |       |       |       |       |     3 ||     3
